 Dungeon Crawl Stone Soup version 0.22.0-27-ga576289 (webtiles) character file.

1100 Faca the Skirmisher (level 8, -11/74 HPs)
             Began as a Centaur Hunter on Aug 21, 2018.
             Mangled by a wyvern (17 damage)
             ... on level 5 of the Dungeon.
             The game lasted 00:13:41 (6744 turns).

Faca the Skirmisher (Centaur Hunter)                Turns: 6744, Time: 00:13:42

Health: -11/74     AC:  7    Str: 14    XL:     8   Next: 10%
Magic:  8/8        EV:  8    Int: 10    God:
Gold:   454        SH:  0    Dex: 16    Spells: 7/7 levels left

rFire    . . .     SeeInvis .   y - +0 trident
rCold    + . .     Gourm    .   (no shield)
rNeg     + . .     Faith    .   u - +0 ring mail
rPois    .         Spirit   .   c - +0 helmet
rElec    .         Reflect  .   z - +0 cloak
rCorr    .         Harm     .   (no gloves)
MR       +....                  (no barding)
Stlth    +.........             x - macabre finger necklace {rN+}
HPRegen  0.22/turn              w - +3 ring of dexterity
MPRegen  0.11/turn              n - ring of protection from magic
                                j - ring of protection from cold

@: very quick
A: large, hooves 3, deformed body, speed 2, tough skin 3
a: no special abilities


You were on level 5 of the Dungeon.
You were not hungry.

You visited 1 branch of the dungeon, and saw 6 of its levels.

You collected 454 gold pieces.

Inventory:

Hand Weapons
 a - a +1 shortbow
 y - a +0 trident (weapon)
Missiles
 d - 47 arrows
Armour
 c - a +0 helmet (worn)
 u - a +0 ring mail (worn)
 z - a +0 cloak (worn)
Jewellery
 j - a ring of protection from cold (on amulet)
 n - a ring of protection from magic (right hand)
 w - a +3 ring of dexterity (left hand)
 x - the macabre finger necklace (around neck) {rN+}
   (You found it on level 5 of the Dungeon)

   [amulet of nothing]

   It protects you from negative energy.
 D - an uncursed amulet of harm {unknown}
Wands
 k - a wand of iceblast (4)
 B - a wand of digging (13)
Scrolls
 i - a scroll of fog
 o - 2 scrolls of remove curse
 p - a scroll of amnesia
 r - 2 scrolls of teleportation
 s - a scroll of enchant armour {unknown}
 A - a scroll of blinking
Potions
 b - a potion of invisibility {unknown}
 e - a potion of resistance
 g - a potion of haste {unknown}
 h - 3 potions of curing {unknown}
 l - 2 potions of lignification
 m - 3 potions of might
 q - a potion of degeneration {unknown}
 t - 3 potions of mutation {unknown}
 v - a potion of heal wounds {unknown}
 C - a potion of cancellation {unknown}
Comestibles
 f - 6 rations
 E - 2 chunks of flesh


   Skills:
 + Level 7.8 Fighting
 + Level 5.1 Polearms
 - Level 5.3 Bows
 - Level 1.3 Dodging
 - Level 0.4 Stealth


You had 7 spell levels left.
You didn't know any spells.
Your spell library was empty.

Dungeon Overview and Level Annotations

Branches:
Dungeon (6/15)
 Temple: D:4-7

Altars:
Ashenzari
Sif Muna
The Shining One

Shops:
D:5 %}!


Innate Abilities, Weirdness & Mutations

You have hooves in place of feet.
Armour fits poorly on your strangely shaped body.
You cover ground very quickly.
You have extremely tough skin. (AC +3)


Message History

You hit the wyvern. Your kick misses the wyvern.
The wyvern is moderately wounded.
The wyvern bites you!
The jackal bites you but does no damage.
The wyvern bites you.
You puncture the wyvern! You kick the wyvern.
The wyvern is almost dead.
The jackal barely misses you. The wyvern bites you!
The jackal bites you but does no damage.
The wyvern completely misses you.
You closely miss the wyvern.
The wyvern is almost dead.
The jackal bites you but does no damage.
The wyvern hisses menacingly.
The wyvern bites you!
* * * LOW HITPOINT WARNING * * *
You hit the wyvern. Your kick misses the wyvern.
The wyvern is almost dead.
The wyvern bites you!
You die...

##.........##.## #.........#
#..............# #.#######.#
#.........>##..###.#######.###
#.###...####...........##....#
#.# #.).# #..)..##.###.##..#.#
#.# #...# ##...###.###.##..#.#
#.# ##### ##.## #.........#.# #.#
#l# #####...../.# #.# #@#
####.#..# #.# ##h## #.#..# #.#
##...## #.#..# #.### ##.....##
###....# ####.#.## ##.(.....##
##.###.##
........####.........####..(##.##
.###.......+.........'...........
.##.....####.........####........
.##.##..# ##.......## ##.......


You could see a wyvern and a jackal.

Vanquished Creatures
  Menkaure (D:4)
  2 ogres (D:6)
  A phantom (D:5)
  A big kobold (D:5)
  A jelly (D:2)
  5 orc priests
  2 hounds (D:4)
  3 orc wizards
  Terence (D:2)
  3 worker ants
  A hound skeleton (D:4)
  Robin (D:2)
  5 adders
  3 gnolls (D:3)
  An ooze (D:2)
  3 worms
  2 dart slugs
  2 leopard geckos (D:3)
  23 orcs
  5 giant cockroaches
  17 goblins
  4 hobgoblins
  10 jackals
  2 quokkas
  A ball python (D:1)
  2 ball python skeletons
  6 bats
  5 frilled lizards
  3 kobolds (D:1)
  4 rats
  A fungus (D:1)
121 creatures vanquished.

Vanquished Creatures (others)
  An orc (D:6)
1 creature vanquished.

Grand Total: 122 creatures vanquished

Notes
Turn   | Place    | Note
-------+----------+-------------------------------------------
     0 | D:1      | Faca the Centaur Hunter began the quest for the Orb.
     0 | D:1      | Reached XP level 1. HP: 17/17 MP: 1/1
   266 | D:1      | Reached XP level 2. HP: 17/25 MP: 2/2
   450 | D:1      | Reached skill level 3 in Fighting
   973 | D:2      | Found a glowing golden altar of the Shining One.
   997 | D:2      | Reached XP level 3. HP: 19/31 MP: 3/3
  1159 | D:2      | Noticed Robin
  1393 | D:2      | Killed Robin
  1393 | D:2      | Reached skill level 4 in Fighting
  1826 | D:2      | Found a deep blue altar of Sif Muna.
  1962 | D:2      | Noticed Terence
  1979 | D:2      | Killed Terence
  1979 | D:2      | Reached XP level 4. HP: 16/41 MP: 4/4
  2233 | D:2      | Reached skill level 5 in Fighting
  2362 | D:3      | Found a shattered altar of Ashenzari.
  2628 | D:2      | Reached XP level 5. HP: 12/48 MP: 5/5
  2641 | D:2      | HP: 1/48 [orc/hand axe (4)]
  2974 | D:3      | Reached skill level 1 in Polearms
  3659 | D:3      | Reached XP level 6. HP: 52/57 MP: 6/6
  3903 | D:4      | Noticed Menkaure
  4267 | D:4      | Reached skill level 6 in Fighting
  4554 | D:4      | Killed Menkaure
  4554 | D:4      | Reached XP level 7. HP: 35/64 MP: 7/7
  5089 | D:5      | Entered Level 5 of the Dungeon
  5566 | D:5      | Reached skill level 7 in Fighting
  5638 | D:5      | Found Ywnipa's Distillery.
  5830 | D:5      | Found the macabre finger necklace {rN+}
  5874 | D:5      | Found Coanompeno's Food Emporium.
  5960 | D:5      | Found Hutoucao's Gadget Emporium.
  6367 | D:6      | Reached XP level 8. HP: 23/74 MP: 8/8
  6659 | D:5      | Reached skill level 5 in Polearms
  6744 | D:5      | Mangled by a wyvern

Skill      XL: |  1  2  3  4  5  6  7  8 |
---------------+-------------------------+-----
Fighting       | 3 4 5 6 7 |  7.8
Polearms       | 2 3 4 5 |  5.1
Bows           | |  5.3
Dodging        | |  1.3
Stealth        | |  0.4

Action                   |  1- 3 |  4- 6 |  7- 9 || total
-------------------------+-------+-------+-------++-------
Melee: Short sword       |    54 |       |       ||    54
       Kick              |    21 |    33 |    38 ||    92
       Spear             |    88 |    30 |       ||   118
       Trident           |       |   182 |   169 ||   351
 Fire: Shortbow          |       |     8 |       ||     8
  Use: Scroll            |       |     8 |       ||     8
  Eat: Ration            |     1 |     2 |     1 ||     4
       Chunk             |       |     2 |     1 ||     3
Armor: Leather armour    |    20 |       |       ||    20
       Ring mail         |    39 |    76 |    60 ||   175
Dodge: Dodged            |    50 |   104 |    77 ||   231
